 Dungeon Crawl Stone Soup version 0.27.1-33-g824d729ab1 (webtiles) character file.

Game seed: 10842390917542317101

18078 McKennaii the Destroyer (level 11, -5/74 HPs)
             Began as a Demigod Conjurer on Dec 12, 2021.
             Shot with a bolt by a yaktaur (26 damage)
             ... on level 12 of the Dungeon.
             The game lasted 00:24:53 (15072 turns).

McKennaii the Destroyer (Demigod Conjurer)         Turns: 15072, Time: 00:24:54

Health: -5/74      AC: 11    Str:  8    XL:     11   Next: 98%
Magic:  31/31      EV: 12    Int: 35    God:
Gold:   501        SH:  0    Dex: 10    Spells: 27/34 levels left

rFire    . . .     SeeInvis .   b - staff of poison
rCold    + . .     Faith    .   (no shield)
rNeg     + . .     Spirit   .   E - +2 robe of Dust Devil {+Blink rC+ Int+3 Dex-2}
rPois    +         Reflect  .   N - +2 helmet of Caxoh {Harm}
rElec    .         Harm     +   k - +0 cloak
rCorr    .         Rampage  .   P - +2 pair of gloves "Qisheb Nieth" {rN+}
Will     +....                  (no boots)
Stlth    ++........             O - amulet of regeneration
HPRegen  1.22/turn              I - ring of flight
MPRegen  0.22/turn              (no ring)

@: flying
A: high mp 1, forlorn
a: Evoke Blink


You were on level 12 of the Dungeon.
You visited 1 branch of the dungeon, and saw 12 of its levels.
You also visited: Sewer.

You collected 679 gold pieces.
You spent 178 gold pieces at shops.

Inventory:

Armour
 k - a +0 cloak (worn)
 C - the +2 leather armour "Xont" {rElec}
   (You found it on level 6 of the Dungeon)

   rElec:     It insulates you from electricity.
 D - the +27 Lear's hauberk
   (You found it on level 10 of the Dungeon)
 E - the +2 robe of Dust Devil (worn) {+Blink rC+ Int+3 Dex-2}
   (You found it on level 7 of the Dungeon)

   Int:       It affects your intelligence (+3).
   Dex:       It affects your dexterity (-2).
   rC:        It protects you from cold.
   +Blink:    It lets you blink.
 N - the +2 helmet of Caxoh (worn) {Harm}
   (You found it on level 10 of the Dungeon)

   Harm:      It increases damage dealt and taken.
 P - the +2 pair of gloves "Qisheb Nieth" (worn) {rN+}
   (You found it on level 12 of the Dungeon)

   rN:        It protects you from negative energy.
Magical Staves
 b - a staff of poison (weapon)
Jewellery
 I - a ring of flight (left hand)
 O - an amulet of regeneration (around neck)
Wands
 f - a wand of flame (28)
 j - a wand of polymorph (14)
 r - a wand of paralysis (7)
 A - a wand of iceblast (12)
Scrolls
 a - a scroll of silence {unknown}
 c - a scroll of acquirement {unknown}
 e - 3 scrolls of identify
 g - 3 scrolls of magic mapping {unknown}
 i - 6 scrolls of teleportation
 n - a scroll of enchant weapon {unknown}
 s - 2 scrolls of brand weapon {unknown}
 v - 3 scrolls of noise {unknown}
 w - 2 scrolls of fog {unknown}
 y - 2 scrolls of fear {unknown}
 z - 2 scrolls of immolation {unknown}
 F - 2 scrolls of enchant armour {unknown}
 J - a scroll of holy word {unknown}
Potions
 d - 2 potions of flight
 h - 2 potions of curing
 l - a potion of might
 o - 2 potions of berserk rage
 q - a potion of haste
 t - 3 potions of heal wounds
 u - a potion of invisibility
 x - a potion of lignification {unknown}
 B - a potion of resistance
 G - 3 potions of brilliance
 H - a potion of magic {unknown}
 K - a potion of mutation {unknown}
 L - a potion of attraction {unknown}
 M - a potion of ambrosia {unknown}


   Skills:
 - Level 4.0 Armour
 - Level 4.0 Dodging
 - Level 4.0 Stealth
 + Level 12.0 Spellcasting
 - Level 12.0 Conjurations


You had 27 spell levels left.
You knew the following spells:

 Your Spells              Type           Power      Damage    Failure   Level
a - Magic Dart            Conj           100%       1d8       0%          1
b - Searing Ray           Conj           100%       3d7       1%          2
c - Iskenderun's Mystic   Conj/Tloc      58%        2d12      1%          4

Your spell library contained the following spells:

 Spells                   Type           Power      Damage    Failure   Level
 Dazzling Flash           Conj/Hex       100%       N/A       1%          3
 Fulminant Prism          Conj/Hex       29%        3d14      1%          4
 Sublimation of Blood     Necr           10%        N/A       3%          2
 Wereblood                Tmut           21%        N/A       3%          2
 Frozen Ramparts          Ice            42%        1d6       6%          3
 Ice Form                 Ice/Tmut       21%        N/A       21%         4
 Summon Ice Beast         Ice/Summ       21%        N/A       21%         4
 Summon Hydra             Summ           10%        N/A       100%        7


Dungeon Overview and Level Annotations

Branches:
Dungeon (12/15)            Temple (0/1) D:5            Lair (0/6) D:11
  Sewer (visited)
    Orc: D:9-12

Shops:
D:1 *   D:8 :   D:12 :

Annotations:
D:7 2 transporters


Innate Abilities, Weirdness & Mutations

Your attributes grow dramatically as you level up.
You have an increased reservoir of magic. (+10% MP)
You shall have no god before yourself.


Message History

Okay, then.
You start resting.
Magic restored.
You fly downwards.
There is a stone staircase leading up, spattered with blood here.
You can't see any susceptible monsters within range! (Use Z to cast anyway.)
Things that are here:
a +0 chain mail; a +0 short sword You see here 2 potions of degeneration.
Found a gnarled smoking staff.
Found a phial of floods and the Disquisition on Confrontation.
Drop what? 41/52 slots (_ for help) (? for menu, Esc to quit)
You drop a throwing net.
The magic dart hits the orc zombie!
You destroy the orc zombie!
The yaktaur shouts!
The yaktaur wields a +0 arbalest.
The yaktaur shoots a bolt.
The bolt closely misses you.
You see here 2 potions of degeneration.
There is a stone staircase leading up, spattered with blood here.
The magic dart hits the yaktaur.
The yaktaur is lightly wounded.
The yaktaur shouts!
The yaktaur shoots a bolt.
The bolt hits you!!
The magic dart hits the yaktaur!
The yaktaur is moderately wounded.
You fly upwards.
There is a stone staircase leading down here.
You start resting.
Magic restored.
You start resting.
HP restored.
You fly downwards.
The yaktaur shoots a bolt.
The bolt hits you!
The yaktaur shoots a bolt.
The bolt hits you!!
Ouch! That really hurt!
* * * LOW HITPOINT WARNING * * *
There is a stone staircase leading up, spattered with blood here.
Unknown command.
The yaktaur shoots a bolt.
The bolt hits you!!
You die...

..# ...##...# #........##.....#
#..##.#..##..#####............###
##....##........####...#......#
.##....##...#....###............
.................#...##.........
.##....##.......................
##....##.....#..................
#..##.#.)##..#..................
..##.(.)##......@........#......
..#.)##.#.......[.......##...
...)##..................#..
.##.#..##.......[....[..........#
##....##....##..................#
#..##.#..#..#....)....####......#
.)##....##........c!#.## ........
..#....##...#..#.......##........
......##.......#.>..#...##....#..


You could see a yaktaur.

Vanquished Creatures
  A war gargoyle (D:12)
  A hydra (D:11)
  The ghost of Gabide the Slinger, a journeyman HuMo of Okawaru (D:10)
  The ghost of brob1 the Nimble, a journeyman DjFE of Dithmenos (D:10)
  2 two-headed ogres (D:11)
  A tengu warrior (D:10)
  The ghost of Descartes the Covert, a journeyman SpWn of Gozag (D:10)
  A deep elf pyromancer (D:12)
  An ugly thing (D:12)
  A cyclops (D:10)
  A manticore (D:12)
  A gargoyle (D:11)
  A komodo dragon (D:12)
  An efreet (D:12)
  A kobold demonologist (D:11)
  A yaktaur (D:12)
  A troll (D:11)
  A wind drake (shapeshifter) (D:11)
  Grinder (D:5)
  10 slime creatures
  A wraith (D:9)
  4 shadows
  16 yaks
  An acid dragon (D:10)
  3 wargs (D:11)
  2 water moccasins
  6 orc warriors
  A necrophage (D:5)
  3 black bears
  5 centaurs
  4 bullfrogs
  5 kobold brigands
  A wyvern zombie (D:9)
  A gnoll sergeant (D:6)
  A scorpion (D:5)
  A water moccasin skeleton (D:4)
  2 troll zombies (D:12)
  5 wights (D:8)
  3 howler monkeys (D:11)
  A centaur zombie (D:10)
  10 orc priests
  A centaur skeleton (D:7)
  Crazy Yiuf (D:2)
  A gnoll shaman (D:10)
  An iguana (D:5)
  9 orc wizards
  Natasha (thrice) (D:2)
  An ogre zombie (D:12)
  2 hound skeletons
  A howler monkey zombie (D:5)
  A howler monkey skeleton (D:7)
  4 adders (D:2)
  11 gnolls
  2 white imps
  3 worms
  3 dart slugs
  36 orcs
  6 ball pythons
  8 endoplasms
  2 giant cockroaches
  8 goblins
  3 hobgoblins
  4 quokkas
  10 bats
  3 frilled lizards
  2 goblin zombies (D:12)
  A hobgoblin zombie (D:12)
  19 kobolds
  6 orc zombies (D:12)
  4 rats
262 creatures vanquished.

Notes
Turn   | Place    | Note
-------+----------+-------------------------------------------
     0 | D:1      | McKennaii the Demigod Conjurer began the quest for the Orb.
     0 | D:1      | Reached XP level 1. HP: 14/14 MP: 5/5
   103 | D:1      | Found Utenlul's Assorted Antiques.
   417 | D:1      | Reached XP level 2. HP: 19/20 MP: 1/7
   420 | D:1      | Learned a level 2 spell: Searing Ray
  1536 | D:2      | Noticed Natasha
  1540 | D:2      | Killed Natasha
  1541 | D:2      | Reached XP level 3. HP: 26/26 MP: 2/8
  1727 | D:2      | Noticed Natasha
  1736 | D:2      | Killed Natasha
  1737 | D:2      | Reached XP level 4. HP: 28/33 MP: 0/10
  1857 | D:2      | Noticed Natasha
  1863 | D:2      | Killed Natasha
  1982 | D:2      | Reached skill level 5 in Conjurations
  2442 | D:2      | Found a runed translucent door.
  2443 | D:2      | Noticed Crazy Yiuf
  2485 | D:2      | Reached XP level 5. HP: 38/38 MP: 7/11
  2806 | D:2      | Killed Crazy Yiuf
  2812 | D:2      | Learned a level 4 spell: Iskenderun's Mystic Blast
  3104 | D:3      | Found a glowing drain.
  3117 | Sewer    | Entered a sewer
  3195 | Sewer    | Noticed a water moccasin
  3203 | Sewer    | Killed a water moccasin
  3204 | Sewer    | Reached XP level 6. HP: 41/45 MP: 5/14
  4527 | D:5      | Entered Level 5 of the Dungeon
  4772 | D:5      | Found a staircase to the Ecumenical Temple.
  4855 | D:5      | Noticed Grinder
  4862 | D:5      | Killed Grinder
  4863 | D:5      | Reached XP level 7. HP: 40/50 MP: 6/16
  5513 | D:6      | Reached skill level 5 in Spellcasting
  5825 | D:6      | Reached XP level 8. HP: 57/57 MP: 14/19
  5978 | D:6      | Identified the +2 leather armour "Xont" {rElec}
  6310 | D:7      | Found a transporter.
  6367 | D:7      | Identified the +2 robe of Dust Devil {+Blink rC+ Int+3
                  | Dex-2}
  6521 | D:1      | Bought a scroll labelled PEUNWI SIZYSH for 24 gold pieces
  6521 | D:1      | Bought a coppery potion for 21 gold pieces
  6521 | D:1      | Bought a scroll labelled KAETHO ARRIRUA for 24 gold pieces
  6521 | D:1      | Bought 2 orange potions for 43 gold pieces
  6521 | D:1      | Bought a scroll labelled FIGITH DAMI for 24 gold pieces
  6521 | D:1      | Bought an inky potion for 21 gold pieces
  6521 | D:1      | Bought a fuming golden potion for 21 gold pieces
  6869 | D:7      | Found a transporter.
  7743 | D:8      | Reached XP level 9. HP: 62/62 MP: 9/23
  7900 | D:8      | Found Weuboilo's Book Boutique.
 10004 | D:10     | Entered Level 10 of the Dungeon
 10094 | D:10     | Identified the +2 helmet of Caxoh {Harm}
 10160 | D:10     | Found a runed translucent gate.
 10162 | D:10     | Found a runed translucent gate.
 10167 | D:10     | Found a runed translucent gate.
 10167 | D:10     | Noticed a tengu warrior
 10172 | D:10     | Killed a tengu warrior
 10173 | D:10     | Reached skill level 10 in Conjurations
 10247 | D:10     | Found the +27 Lear's hauberk
 10291 | D:10     | Reached XP level 10. HP: 69/69 MP: 21/26
 10448 | D:10     | Noticed brob1's ghost (journeyman DjFE)
 10448 | D:10     | Noticed Gabide's ghost (journeyman HuMo)
 10448 | D:10     | Noticed Descartes's ghost (journeyman SpWn)
 10779 | D:10     | Noticed a cyclops
 10788 | D:10     | Killed a cyclops
 11487 | D:10     | Reached skill level 10 in Spellcasting
 11841 | D:10     | Killed Descartes's ghost
 11844 | D:10     | Killed Gabide's ghost
 11896 | D:10     | Killed brob1's ghost
 12283 | D:11     | Noticed a two-headed ogre
 12287 | D:11     | Killed a two-headed ogre
 12288 | D:11     | Reached XP level 11. HP: 74/74 MP: 8/29
 12391 | D:11     | Noticed an eight-headed hydra
 12401 | D:11     | Killed an eight-headed hydra
 12724 | D:11     | Noticed a two-headed ogre
 12730 | D:11     | Killed a two-headed ogre
 12838 | D:11     | Found a staircase to the Lair.
 13869 | D:12     | Noticed a deep elf pyromancer
 13877 | D:12     | Killed a deep elf pyromancer
 14164 | D:12     | Found Zol Dexof's Book Shop.
 14166 | D:12     | Noticed an ogre mage
 14176 | D:12     | Noticed a fire giant
 14178 | D:12     | Identified the +2 pair of gloves "Qisheb Nieth" {rN+}
 14194 | D:12     | Noticed a war gargoyle
 14199 | D:12     | Noticed a storm dragon
 14224 | D:12     | Killed a war gargoyle
 14427 | D:12     | Reached skill level 1 in Armour
 15072 | D:12     | Shot with a bolt by a yaktaur

Illustrated notes

Levels and vault maps discovered:
D:1:      tarquinn_simple_flora_water_c, layout_loops_corners, serial_shops,
          nicolae_shop_waterfront, minmay_door_square
D:2:      layout_basic, shapermc_ecumenical_altar_pompeii,
          minmay_randomly_rotated_circles, uniq_crazy_yiuf_cottage, uniq_natasha
D:3:      layout_loops_cross, chequers_temple_overflow_statue_of_worship,
          cheibrodos_sewer_entry_bend, minmay_misc_feat_five
D:4:      layout_loops_ring
D:5:      layout_basic, mainiacjoe_overflow_concentric_impassable,
          minmay_temple_entry_junction, minmay_holes, grunt_ministairs_2,
          uniq_grinder
D:6:      layout_basic
D:7:      gammafunk_cloud_chamber, layout_gridville,
          gammafunk_temple_overflow_forgotten, kennysheep_generic_room_3
D:8:      layout_basic, lemuel_round_altar, nicolae_hepliaklqana_hippocampus,
          serial_shops, shop
D:9:      layout_stronghold, grunt_decor_one_mirror
D:10:     layout_gridville, gammafunk_ghost_cemetery,
          chequers_serial_rivers_room_a, hellmonk_guarded_unrand_lears
D:11:     layout_gridville, erik_lair_orcish_takeover
D:12:     layout_cave_pools, zombieorc2_lemuel, serial_shops, shop,
          nicolae_wwwww, minmay_checkered_concentric_circles

Skill      XL: |  1  2  3  4  5  6  7  8  9 10 11 |
---------------+----------------------------------+-----
Conjurations   | 4 5 6 7 8 10 11 12 | 12.0
Stealth        | 2 3 4 |  4.0
Spellcasting   | 2 3 4 5 7 8 10 12 | 12.0
Dodging        | 2 4 |  4.0
Armour         | 4 |  4.0

Action                   |  1- 3 |  4- 6 |  7- 9 | 10-12 || total
-------------------------+-------+-------+-------+-------++-------
 Cast: Magic Dart        |    66 |   124 |   182 |   116 ||   488
       Searing Ray       |     3 |     8 |    40 |    76 ||   127
       Iskenderun's Myst |       |       |     4 |    50 ||    54
  Use: Potion            |       |       |     2 |       ||     2
       Scroll            |       |       |       |     8 ||     8
Armor: Robe              |     3 |     5 |    11 |    23 ||    42
Dodge: Dodged            |     6 |    15 |    39 |    47 ||   107
